 Dungeon Crawl Stone Soup version 0.29.0-4-gdea44cf6ec (webtiles) character file.

Game seed: 5326518420330684784

17 qw the Sneak (level 2, -6/19 HPs)
             Began as a Gargoyle Delver on Sept 10, 2022.
             Mangled by an iguana (7 damage)
             ... on level 5 of the Dungeon.
             The game lasted 00:00:09 (460 turns).

qw the Sneak (Gargoyle Delver)                       Turns: 460, Time: 00:00:10

Health: -6/19      AC:  5    Str: 15    XL:     2   Next: 62%
Magic:  2/2        EV: 11    Int: 10    God:
Gold:   0          SH:  0    Dex: 11    Spells: 1/1 levels left

rFire   . . .      SeeInvis .   a - +0 hand axe
rCold   . . .      Faith    .   (no shield)
rNeg    + . .      Spirit   .   b - +0 leather armour
rPois   inf        Reflect  .   (no helmet)
rElec   +          Harm     .   (no cloak)
rCorr   .          Rampage  .   (no gloves)
Will    .....                   (no boots)
Stlth   +++.......              (no amulet)
HPRegen 0.06/turn               (no ring)
MPRegen 0.08/turn               (no ring)

@: no status effects
A: sickness immunity, AC +2, negative energy resistance 1, electricity
resistance, torment resistance 1, petrification resistance
a: no special abilities


You were on level 5 of the Dungeon.
You visited 1 branch of the dungeon, and saw 1 of its levels.


Innate Abilities, Weirdness & Mutations

You are immune to sickness and miasma.
Your stone body is resilient. (AC +2)
You are immune to poison.
You resist negative energy. (rN+)
You are resistant to electric shocks. (rElec)
You are resistant to unholy torment.
You are immune to petrification.


   Skills:
 - Level 3.2 Fighting
 + Level 2.8 Axes
 - Level 1.5 Dodging
 - Level 5.4 Stealth


You had one spell level left.
You didn't know any spells.
Your spell library was empty.

Inventory:

Hand Weapons
 a - a +0 hand axe (weapon)
 h - a +0 whip
Armour
 b - a +0 leather armour (worn)
 i - a +0 ring mail
Wands
 g - a wand of digging (3)
Scrolls
 c - a scroll of fog
 d - a scroll of magic mapping
 e - a scroll of fear
 j - a scroll of vulnerability {unknown}
Potions
 f - a potion of haste

Dungeon Overview and Level Annotations

Branches:
Dungeon (5/15)
 Temple: D:4-7

Altars:


Message History

The orc is moderately wounded.
The orc closely misses you. x2
You hit the orc.
You kill the orc!
You start resting.
HP restored.
j - a scroll labelled NAMNOIG HA CECK An orc priest and an iguana come into view.
Found a runed glass wand and a glaive.
The iguana hisses angrily.
The iguana moves out of view.
447 ||| Stepping ~*~*~tactically~*~*~ (stealth).
449 ||| Stepping ~*~*~tactically~*~*~ (stealth).
You barely miss the iguana. The iguana bites you.
You closely miss the iguana. The iguana bites you.
You barely miss the iguana. The iguana misses you.
You hit the iguana but do no damage.
The iguana bites you but does no damage.
You hit the iguana.
The iguana is lightly wounded.
The iguana closely misses you.
You hit the iguana.
The iguana is moderately wounded.
The iguana bites you. The iguana closely misses you.
You hit the iguana.
The iguana is moderately wounded.
The iguana bites you.
You hit the iguana.
The iguana is severely wounded.
The iguana bites you but does no damage.
You hit the iguana but do no damage.
The iguana is severely wounded.
The iguana bites you.
You barely miss the iguana.
The iguana is severely wounded.
The iguana bites you!
You die...

..# ...... ...# ..
#o... o..##.##
#.... ...
..#.###### #.... .
.)##.#......###....
#..
..#)######...)....
#..###/#..#
#.#######
#...$l#..# #.# #
#.@...# ###.#
#####%###.)##
#.....## #####.#
#.# #.# #.# #.# #.#


You could see an iguana.

Vanquished Creatures
  An adder (D:5)
  4 orcs (D:5)
5 creatures vanquished.

Notes
Turn   | Place    | Note
-------+----------+-------------------------------------------
     0 | D:5      | qw the Gargoyle Delver began the quest for the Orb.
     0 | D:5      | Reached XP level 1. HP: 14/14 MP: 1/1
     0 | D:5      | 0 ||| qw: Version: 0.1-a-116-g5d60599
     0 | D:5      | 0 ||| qw: Game counter: 7574
     0 | D:5      | 0 ||| qw: Always use a shield: true
     0 | D:5      | 0 ||| qw: God list: Okawaru
     0 | D:5      | 0 ||| qw: Allow faded altars: false
     0 | D:5      | 0 ||| qw: Do Orc after D:15 true
     0 | D:5      | 0 ||| qw: Do second Lair branch before Depths: true
     0 | D:5      | 0 ||| qw: Lair rune preference: random
     0 | D:5      | 0 ||| qw: Plans: Normal
     0 | D:5      | 0 ||| PLANNING D:1-11
    81 | D:5      | 81 ||| Stepping ~*~*~tactically~*~*~ (stealth).
    82 | D:5      | 82 ||| Stepping ~*~*~tactically~*~*~ (stealth).
    83 | D:5      | 83 ||| Stepping ~*~*~tactically~*~*~ (stealth).
    85 | D:5      | 85 ||| Stepping ~*~*~tactically~*~*~ (stealth).
    86 | D:5      | 86 ||| Stepping ~*~*~tactically~*~*~ (stealth).
    92 | D:5      | 92 ||| Stepping ~*~*~tactically~*~*~ (stealth).
    93 | D:5      | 93 ||| Stepping ~*~*~tactically~*~*~ (stealth).
   118 | D:5      | Reached XP level 2. HP: 13/19 MP: 2/2
   447 | D:5      | 447 ||| Stepping ~*~*~tactically~*~*~ (stealth).
   449 | D:5      | 449 ||| Stepping ~*~*~tactically~*~*~ (stealth).
   457 | D:5      | HP: 1/19 [iguana (4)]
   460 | D:5      | Mangled by an iguana

Levels and vault maps discovered:
D:5:      minmay_evil_eye, layout_rooms, mainiacjoe_overflow_two_lobes

Skill      XL: |  1 |
---------------+----+-----
Axes           | 2 |  2.8
Fighting       | |  3.2
Dodging        | |  1.5
Stealth        | |  5.4

Action                   || total
-------------------------++-------
Melee: Hand axe          ||    37
Armor: Leather armour    ||     7
Dodge: Dodged            ||    22

Table legend:
 A = Non-vault XP
 B = Vault XP
 C = Vault XP percentage of total XP
 D = Non-vault monster count
 E = Vault monster count
 F = Vault count percentage of total count
                 A         B        C        D         E       F
            +---------+---------+-------+---------+---------+-------
      Total |       9 |      16 |  64.0 |       3 |       2 |  40.0
            +---------+---------+-------+---------+---------+-------
        D:5 |       9 |      16 |  64.0 |       3 |       2 |  40.0
            +---------+---------+-------+---------+---------+-------
